TOP OF THE 1ST |
West Virginia Black Bears batting - Pitching for Hillsboro Hops : RHP John Gloe
|
Pitching: RHP John Gloe
|
|
Batting: RHB Perry Dominey
|
0-0: Ball 1-0: Swinging Strike 1-1: Ground out 5-3 (Groundball, 56, EV 105.6 MPH)
|
Batting: LHB Gregg Kellerman
|
0-0: Ball 1-0: Ball 2-0: Called Strike 2-1: Called Strike 2-2: SINGLE (Groundball, 34D, EV 102.5 MPH)
|
Batting: RHB Etsuro Hosokawa
|
0-0: Called Strike 0-1: Ball 1-1: Fly out, F8 (Flyball, 8RXD, EV 96.2 MPH)
|
Batting: RHB Brandon White
|
0-0: Ball 1-0: Fly out, F8 (Flyball, 8RD, EV 96.2 MPH)
|
Top of the 1st over - 0 runs, 1 hit, 0 errors, 1 left on base; West Virginia 0 - Hillsboro 0 |
BOTTOM OF THE 1ST |
Hillsboro Hops batting - Pitching for West Virginia Black Bears : LHP Ben Buerck
|
Pitching: LHP Ben Buerck
|
|
Batting: SHB Blaine Peters
|
0-0: Ball 1-0: Ball 2-0: Foul Ball, location: 2F 2-1: Fly out, F9 (Line Drive, 9, EV 85.0 MPH)
|
Batting: LHB Soo-yeon Kym
|
0-0: Ball 1-0: Ball 2-0: Ground out 6-3 (Groundball, 6M, EV 100.6 MPH)
|
Batting: RHB Antonio Luisa
|
0-0: Ground out 6-3 (Groundball, 6, EV 81.2 MPH)
|
Bottom of the 1st over - 0 runs, 0 hits, 0 errors, 0 left on base; West Virginia 0 - Hillsboro 0 |
TOP OF THE 2ND |
West Virginia Black Bears batting - Pitching for Hillsboro Hops : RHP John Gloe
|
Batting: RHB Dave Fredericks
|
0-0: Called Strike 0-1: Ball 1-1: Foul Ball, location: 2F 1-2: Strikes out swinging
|
Batting: RHB Terrence Wilson
|
0-0: Ball 1-0: Ball 2-0: Fly out, F6 (Line Drive, 6, EV 57.5 MPH)
|
Batting: RHB Ken Manser
|
0-0: Foul Ball, location: 2F 0-1: Bunted foul 0-2: Ball 1-2: Fly out, F7 (Flyball, 7, EV 96.2 MPH)
|
Top of the 2nd over - 0 runs, 0 hits, 0 errors, 0 left on base; West Virginia 0 - Hillsboro 0 |
BOTTOM OF THE 2ND |
Hillsboro Hops batting - Pitching for West Virginia Black Bears : LHP Ben Buerck
|
Batting: RHB Ian Sousa
|
0-0: Ball 1-0: Called Strike 1-1: Ball 2-1: DOUBLE (Flyball, 8RXD, EV 111.9 MPH)
|
Batting: RHB Josh Burrows
|
0-0: Ball 1-0: Foul Ball, location: 2F 1-1: Swinging Strike 1-2: Foul Ball, location: 2F 1-2: Strikes out swinging
|
Batting: LHB Dillon Rizzuto
|
0-0: Ball 1-0: Ball 2-0: Ground out 4-3 (Groundball, 4, EV 83.8 MPH) Ian Sousa to third
|
Batting: RHB Trevor Corey
|
0-0: Ball 1-0: Ball 2-0: Ball 3-0: Called Strike 3-1: Foul Ball, location: 2F 3-2: Base on Balls
|
Batting: LHB Ivan Cortez
|
0-0: Ball 1-0: Ground out 5-3 (Groundball, 56S, EV 81.9 MPH)
|
Bottom of the 2nd over - 0 runs, 1 hit, 0 errors, 2 left on base; West Virginia 0 - Hillsboro 0 |
TOP OF THE 3RD |
West Virginia Black Bears batting - Pitching for Hillsboro Hops : RHP John Gloe
|
Batting: RHB Rick Pittman
|
0-0: Foul Ball, location: 2F 0-1: Fly out, F8 (Flyball, 8LXD, EV 104.4 MPH)
|
Batting: RHB Chris Arroyo
|
0-0: Ball 1-0: Ball 2-0: Foul Ball, location: 2F 2-1: Foul Ball, location: 2F 2-2: Strikes out swinging
|
Batting: RHB Perry Dominey
|
0-0: Ball 1-0: Ball 2-0: Foul Ball, location: 2F 2-1: Ground out U3 (Groundball, 3, EV 99.4 MPH)
|
Top of the 3rd over - 0 runs, 0 hits, 0 errors, 0 left on base; West Virginia 0 - Hillsboro 0 |
BOTTOM OF THE 3RD |
Hillsboro Hops batting - Pitching for West Virginia Black Bears : LHP Ben Buerck
|
Batting: RHB Brandon Joshua
|
0-0: Called Strike 0-1: Fly out, F9 (Flyball, 9D, EV 90.0 MPH)
|
Batting: SHB Blaine Peters
|
0-0: Ball 1-0: Foul Ball, location: 2F 1-1: Swinging Strike 1-2: Strikes out swinging
|
Batting: LHB Soo-yeon Kym
|
0-0: Ball 1-0: Swinging Strike 1-1: Ball 2-1: Ball 3-1: Called Strike 3-2: Fly out, F7 (Line Drive, 7LM, EV 110.0 MPH)
|
Bottom of the 3rd over - 0 runs, 0 hits, 0 errors, 0 left on base; West Virginia 0 - Hillsboro 0 |
TOP OF THE 4TH |
West Virginia Black Bears batting - Pitching for Hillsboro Hops : RHP John Gloe
|
Batting: LHB Gregg Kellerman
|
0-0: Called Strike 0-1: Swinging Strike 0-2: SOLO HOME RUN (Flyball, 9LD, EV 105.0 MPH), Distance : 392 ft
|
Batting: RHB Etsuro Hosokawa
|
0-0: Called Strike 0-1: Swinging Strike 0-2: Strikes out looking
|
Batting: RHB Brandon White
|
0-0: Called Strike 0-1: Swinging Strike 0-2: Foul Ball, location: 2F 0-2: SINGLE (Groundball, 6D, EV 100.0 MPH)
|
Batting: RHB Dave Fredericks
|
0-0: Foul Ball, location: 2F 0-1: Called Strike 0-2: Grounds out, U3 (Groundball, 3L, EV 102.5 MPH)
|
Batting: RHB Terrence Wilson
|
0-0: Ground out 5-3 (Groundball, 56, EV 86.2 MPH)
|
Top of the 4th over - 1 run, 2 hits, 0 errors, 1 left on base; West Virginia 1 - Hillsboro 0 |
BOTTOM OF THE 4TH |
Hillsboro Hops batting - Pitching for West Virginia Black Bears : LHP Ben Buerck
|
Batting: RHB Antonio Luisa
|
0-0: Ball 1-0: Fly out, F8 (Flyball, 8LD, EV 94.4 MPH)
|
Batting: RHB Ian Sousa
|
0-0: Called Strike 0-1: Ball 1-1: Foul Ball, location: 2F 1-2: Ball 2-2: Strikes out swinging
|
Batting: RHB Josh Burrows
|
0-0: Foul Ball, location: 2F 0-1: Ball 1-1: Foul Ball, location: 2F 1-2: Strikes out swinging
|
Bottom of the 4th over - 0 runs, 0 hits, 0 errors, 0 left on base; West Virginia 1 - Hillsboro 0 |
TOP OF THE 5TH |
West Virginia Black Bears batting - Pitching for Hillsboro Hops : RHP John Gloe
|
Batting: RHB Ken Manser
|
0-0: Swinging Strike 0-1: Called Strike 0-2: Ball 1-2: Ball 2-2: Strikes out looking
|
Batting: RHB Rick Pittman
|
0-0: Foul Ball, location: 2F 0-1: Foul Ball, location: 2F 0-2: SINGLE (Groundball, 4S, EV 73.8 MPH) (infield hit)
|
Batting: RHB Chris Arroyo
|
0-0: Fly out, F8 (Line Drive, 89M, EV 102.5 MPH)
|
Batting: RHB Perry Dominey
|
0-0: Called Strike 0-1: Swinging Strike 0-2: Ball 1-2: Ball 2-2: Strikes out swinging
|
Top of the 5th over - 0 runs, 1 hit, 0 errors, 1 left on base; West Virginia 1 - Hillsboro 0 |
BOTTOM OF THE 5TH |
Hillsboro Hops batting - Pitching for West Virginia Black Bears : LHP Ben Buerck
|
Batting: LHB Dillon Rizzuto
|
0-0: Ball 1-0: Ball 2-0: SINGLE (Line Drive, 4MD, EV 103.8 MPH)
|
Batting: RHB Trevor Corey
|
0-0: Ball 1-0: Ball 2-0: Called Strike 2-1: Foul Ball, location: 2F 2-2: Fly out, F9 (Line Drive, 9S, EV 92.5 MPH)
|
Batting: LHB Ivan Cortez
|
0-0: Ball 1-0: Fly out, F3 (Line Drive, 3L, EV 71.9 MPH) Lined into DP, U3 (Line Drive, 3L, EV 75.0 MPH)
|
Bottom of the 5th over - 0 runs, 1 hit, 0 errors, 0 left on base; West Virginia 1 - Hillsboro 0 |
TOP OF THE 6TH |
West Virginia Black Bears batting - Pitching for Hillsboro Hops : RHP John Gloe
|
Batting: LHB Gregg Kellerman
|
0-0: Ball 1-0: Ball 2-0: Foul Ball, location: 2F 2-1: SINGLE (Line Drive, 6D, EV 103.8 MPH)
|
Batting: RHB Etsuro Hosokawa
|
0-0: Ball 1-0: Foul Ball, location: 2F 1-1: Called Strike 1-2: Ball 2-2: Foul Ball, location: 2F 2-2: SINGLE (Line Drive, 7S, EV 100.6 MPH) Gregg Kellerman to second
|
Batting: RHB Brandon White
|
0-0: Called Strike 0-1: Ball 1-1: DOUBLE (Flyball, 78D, EV 100.6 MPH) Gregg Kellerman scores Etsuro Hosokawa to third Runner from 3rd tries for Home, SAFE, throw by CF to trailing runner, SAFE at third!
|
Batting: RHB Dave Fredericks
|
0-0: Intentional Walk
|
Batting: RHB Terrence Wilson
|
0-0: Ball 1-0: Ball 2-0: Called Strike 2-1: Ball 3-1: Foul Ball, location: 2F 3-2: Base on Balls Dave Fredericks to second
|
Batting: RHB Ken Manser
|
0-0: Called Strike 0-1: Ball 1-1: Called Strike 1-2: Foul Ball, location: 2F 1-2: Strikes out swinging
|
Batting: RHB Rick Pittman
|
0-0: Called Strike 0-1: Foul Ball, location: 2F 0-2: Fly out, F7 (Flyball, 78S, EV 95.0 MPH)
|
Batting: RHB Chris Arroyo
|
0-0: Ball 1-0: Called Strike 1-1: Ball 2-1: Ball 3-1: Base on Balls Brandon White scores Dave Fredericks to third Terrence Wilson to second
|
Pitching: RHP Vicente Burger
|
|
Batting: RHB Perry Dominey
|
0-0: Ball 1-0: Ball 2-0: Ball Passed Ball! Dave Fredericks scores Terrence Wilson to third Chris Arroyo to second 3-0: Base on Balls
|
Batting: LHB Gregg Kellerman
|
0-0: Ball 1-0: Ball 2-0: SINGLE (Groundball, 4MD, EV 108.1 MPH) Terrence Wilson scores Chris Arroyo to third Perry Dominey to second Runner from 3rd tries for Home, SAFE, throw by CF to home
|
Batting: RHB Etsuro Hosokawa
|
0-0: Ball 1-0: Fielders Choice at 2nd, 6-4 (Groundball, 56, EV 83.8 MPH)
|
Top of the 6th over - 6 runs, 4 hits, 0 errors, 2 left on base; West Virginia 7 - Hillsboro 0 |
BOTTOM OF THE 6TH |
Hillsboro Hops batting - Pitching for West Virginia Black Bears : LHP Ben Buerck
|
Batting: RHB Brandon Joshua
|
0-0: Called Strike 0-1: Foul Ball, location: 2F 0-2: Ball 1-2: SINGLE (Line Drive, 6D, EV 100.0 MPH)
|
Batting: SHB Blaine Peters
|
0-0: Called Strike Brandon Joshua steals 2nd, throwing error, E2 Brandon Joshua to third 0-1: Called Strike 0-2: Fly out, F9 (Flyball, 89S, EV 81.2 MPH)
|
Batting: LHB Soo-yeon Kym
|
0-0: Called Strike 0-1: Hit by Pitch
|
Batting: RHB Antonio Luisa
|
0-0: Called Strike 0-1: SINGLE (Groundball, 6D, EV 108.8 MPH) Brandon Joshua scores Soo-yeon Kym to second
|
Batting: RHB Ian Sousa
|
0-0: Ball 1-0: Fielders Choice at 2nd, 5-4 (Groundball, 5S, EV 80.6 MPH) Soo-yeon Kym to third
|
Batting: RHB Josh Burrows
|
0-0: Swinging Strike Pickoff Throw to First - Error! E1 Soo-yeon Kym scores Ian Sousa to second 0-1: Reached on error, E1 (Groundball, 15S, EV 70.0 MPH) Ian Sousa scores
|
Batting: LHB Dillon Rizzuto
|
0-0: Ball 1-0: SINGLE (Groundball, 34D, EV 105.0 MPH) Josh Burrows to third Runner from 3rd tries for Home, SAFE, throw by RF to home
|
Batting: RHB Trevor Corey
|
0-0: Called Strike 0-1: Foul Ball, location: 2F 0-2: Strikes out swinging
|
Bottom of the 6th over - 4 runs, 3 hits, 3 errors, 1 left on base; West Virginia 7 - Hillsboro 4 |
TOP OF THE 7TH |
West Virginia Black Bears batting - Pitching for Hillsboro Hops : RHP Vicente Burger
|
Batting: RHB Brandon White
|
0-0: Called Strike 0-1: Ball 1-1: Ball 2-1: Ball 3-1: SINGLE (Flyball, 8RS, EV 96.9 MPH)
|
Pitching: RHP Josh Mott
|
|
Batting: RHB Dave Fredericks
|
0-0: Ball 1-0: Ball 2-0: Hit by Pitch Brandon White to second
|
Batting: RHB Terrence Wilson
|
0-0: Ball 1-0: Sac Bunt to 13 - play at first, batter OUT! 1-3 Brandon White to third Dave Fredericks to second
|
Batting: RHB Ken Manser
|
0-0: Ball 1-0: Ball 2-0: Foul Ball, location: 2F 2-1: SINGLE (Groundball, 34, EV 105.0 MPH) (infield hit) Brandon White scores Dave Fredericks to third
|
Batting: RHB Rick Pittman
|
0-0: Ball Ken Manser steals 2nd base 1-0: Intentional Walk
|
Batting: RHB Chris Arroyo
|
0-0: Called Strike 0-1: Called Strike 0-2: Ball 1-2: Grounds into fielders choice 5-2 (Groundball, 56S, EV 70.6 MPH) Ken Manser to third Rick Pittman to second
|
Batting: RHB Perry Dominey
|
0-0: Called Strike 0-1: Ball 1-1: Called Strike 1-2: Strikes out swinging
|
Top of the 7th over - 1 run, 2 hits, 0 errors, 3 left on base; West Virginia 8 - Hillsboro 4 |
BOTTOM OF THE 7TH |
Hillsboro Hops batting - Pitching for West Virginia Black Bears : LHP Ben Buerck
|
Now in LF: Perry Dominey
|
|
Now in RF: Ruben Garza
|
|
Batting: LHB Ivan Cortez
|
0-0: Ball 1-0: Ball 2-0: Swinging Strike 2-1: Foul Ball, location: 2F 2-2: Ball 3-2: Strikes out swinging
|
Pitching: RHP Pat Hall
|
|
Batting: RHB Brandon Joshua
|
0-0: Ball 1-0: Called Strike 1-1: Ground out 5-3 (Groundball, 56, EV 107.5 MPH)
|
Batting: SHB Blaine Peters
|
0-0: Called Strike 0-1: Swinging Strike 0-2: Ball 1-2: Ball 2-2: Ball 3-2: Foul Ball, location: 2F 3-2: Fly out, F8 (Line Drive, 8RM, EV 95.6 MPH)
|
Bottom of the 7th over - 0 runs, 0 hits, 0 errors, 0 left on base; West Virginia 8 - Hillsboro 4 |
TOP OF THE 8TH |
West Virginia Black Bears batting - Pitching for Hillsboro Hops : RHP Josh Mott
|
Pitching: RHP Jake Priest
|
|
Batting: LHB Gregg Kellerman
|
0-0: Ball 1-0: Ball 2-0: Swinging Strike 2-1: Foul Ball, location: 2F 2-2: Ball 3-2: Base on Balls
|
Batting: LHB Ruben Garza
|
0-0: Ball 1-0: Ball 2-0: Called Strike 2-1: Foul Ball, location: 2F 2-2: Ball 3-2: Strikes out swinging
|
Batting: RHB Brandon White
|
0-0: Fly out, F7 (Flyball, 78M, EV 84.4 MPH)
|
Batting: RHB Dave Fredericks
|
0-0: Ball 1-0: Ball 2-0: Ball 3-0: Base on Balls Gregg Kellerman to second
|
Batting: RHB Terrence Wilson
|
0-0: Called Strike 0-1: Ball 1-1: Ball 2-1: Called Strike 2-2: Fielders Choice at 2nd, 6-4 (Groundball, 6, EV 92.5 MPH)
|
Top of the 8th over - 0 runs, 0 hits, 0 errors, 2 left on base; West Virginia 8 - Hillsboro 4 |
BOTTOM OF THE 8TH |
Hillsboro Hops batting - Pitching for West Virginia Black Bears : RHP Pat Hall
|
Batting: LHB Soo-yeon Kym
|
0-0: Foul Ball, location: 2F 0-1: Foul Ball, location: 2F 0-2: Fly out, F7 (Flyball, 78M, EV 91.9 MPH)
|
Batting: RHB Antonio Luisa
|
0-0: Ball 1-0: Ground out 6-3 (Groundball, 6, EV 102.5 MPH)
|
Batting: RHB Ian Sousa
|
0-0: Ball 1-0: Ball 2-0: Ball 3-0: Called Strike 3-1: Ground out 5-3 (Groundball, 5S, EV 67.5 MPH)
|
Bottom of the 8th over - 0 runs, 0 hits, 0 errors, 0 left on base; West Virginia 8 - Hillsboro 4 |
TOP OF THE 9TH |
West Virginia Black Bears batting - Pitching for Hillsboro Hops : RHP Jake Priest
|
Batting: RHB Ken Manser
|
0-0: Ball 1-0: Fly out, F4 (Popup, 4D, EV 42.5 MPH)
|
Batting: RHB Rick Pittman
|
0-0: Called Strike 0-1: Fly out, F4 (Popup, 4M, EV 73.1 MPH)
|
Batting: RHB Chris Arroyo
|
0-0: Ground out 4-3 (Groundball, 4, EV 110.0 MPH)
|
Top of the 9th over - 0 runs, 0 hits, 0 errors, 0 left on base; West Virginia 8 - Hillsboro 4 |
BOTTOM OF THE 9TH |
Hillsboro Hops batting - Pitching for West Virginia Black Bears : RHP Pat Hall
|
Batting: RHB Josh Burrows
|
0-0: Foul Ball, location: 2F 0-1: Ball 1-1: Ball 2-1: Foul Ball, location: 2F 2-2: Foul Ball, location: 2F 2-2: Ball 3-2: Ground out 5-3 (Groundball, 56, EV 88.1 MPH)
|
Pitching: LHP Norm Silveira-Wray
|
|
Pinch Hitting: RHB Wen-hua Lei
|
0-0: SINGLE (Groundball, 4MD, EV 103.8 MPH)
|
Batting: RHB Trevor Corey
|
0-0: Grounds out, U3 (Groundball, 3L, EV 111.9 MPH)
|
Pinch Hitting: RHB Jeremy Adams
|
0-0: Called Strike 0-1: Ball 1-1: Ball 2-1: Fly out, F8 (Flyball, 8LM, EV 85.0 MPH)
|
Bottom of the 9th over - 0 runs, 1 hit, 0 errors, 1 left on base; West Virginia 8 - Hillsboro 4 |
|